 Dungeon Crawl Stone Soup version 0.24.0-29-g8ce449bc06 (webtiles) character file.

Game seed: 2635894274695683682, levelgen mode: deterministic

121 Mesmaeker13 the Conjurer (level 4, -4/33 HPs)
             Began as a Draconian Conjurer on Nov 13, 2019.
             Slain by Grinder (7 damage)
             ... on level 3 of the Dungeon.
             The game lasted 00:03:18 (2363 turns).

Mesmaeker13 the Conjurer (Draconian Conjurer)       Turns: 2363, Time: 00:03:18

Health: -4/33      AC:  5    Str:  8    XL:     4   Next: 76%
Magic:  1/8        EV: 13    Int: 16    God:
Gold:   143        SH:  0    Dex: 12    Spells: 3/9 levels left

rFire    + . .     SeeInvis .   c - +0 hand axe
rCold    + . .     Gourm    .   (no shield)
rNeg     . . .     Faith    .   (armour unavailable)
rPois    +         Spirit   .   (helmet restricted)
rElec    +         Reflect  .   (no cloak)
rCorr    +         Harm     .   (no gloves)
MR       .....                  (no boots)
Stlth    ++........             (no amulet)
HPRegen  0.11/turn              (no ring)
MPRegen  0.11/turn              (no ring)

@: resistant, very slightly contaminated
A: unfitting armour, big wings, poison resistance, weak 1, wild magic 1,
cold-blooded, AC +5
a: Fly


You were on level 3 of the Dungeon.
You were not hungry.

You visited 1 branch of the dungeon, and saw 3 of its levels.

You collected 143 gold pieces.

Inventory:

Hand Weapons
 c - a +0 hand axe (weapon)
Scrolls
 a - a scroll of amnesia
 e - 2 scrolls of remove curse
 g - 3 scrolls of teleportation {unknown}
 i - a scroll of blinking {unknown}
 n - a scroll of noise {unknown}
 p - 2 scrolls of fog {unknown}
Potions
 h - a potion of ambrosia {unknown}
 j - a potion of brilliance {unknown}
 o - a potion of curing {unknown}
Comestibles
 b - 5 rations
 k - a chunk of flesh


   Skills:
 + Level 3.0 Dodging
 - Level 1.7 Stealth
 + Level 3.1 Spellcasting
 + Level 4.8 Conjurations


You had 3 spell levels left.
You knew the following spells:

 Your Spells              Type           Power        Failure   Level  Hunger
a - Magic Dart            Conj           ###.         4%          1    #......
b - Searing Ray           Conj           ###...       6%          2    ##.....
c - Dazzling Spray        Conj/Hex       ##....       28%         3    ###....

Your spell library contained the following spells:

 Spells                   Type           Power        Failure   Level  Hunger
 Beastly Appendage        Tmut           #.....       26%         1    #......
 Sticks to Snakes         Tmut           #.......     36%         2    ##.....
 Spider Form              Tmut/Pois      #.........   58%         3    ###....
 Iskenderun's Mystic Bla  Conj           ###.....     34%         4    #####..
 Force Lance              Conj/Tloc      ##......     65%         4    #####..
 Fulminant Prism          Conj/Hex       ##........   65%         4    #####..
 Ice Form                 Ice/Tmut       #.......     92%         4    #####..
 Blade Hands              Tmut           #.........   99%         5    ######.


Dungeon Overview and Level Annotations

Branches:
Dungeon (3/15)

Altars:
Cheibriados
Makhleb

Annotations:
D:3 Grinder


Innate Abilities, Weirdness & Mutations

Your plain brown scales are hard. (AC +5)
You cannot fit into any form of body armour.
You are cold-blooded and may be slowed by cold attacks.
Your large and strong wings let you fly indefinitely.
Your system is resistant to poisons. (rPois)
You are weak. (Str -2)
Your spells are a little harder to cast, but a little more powerful.


Message History

Grinder blinks!
Unknown command.
It was a potion of mutation.
You feel extremely strange.
Your wings grow larger and stronger.
You feel resistant to poisons.
You feel weaker.
You feel less in control of your magic.
You barely miss Grinder.
Grinder is severely wounded.
Grinder hits you!
You writhe in agony.
Some of the chunks of flesh in your inventory have rotted away.
You closely miss Grinder.
Grinder is severely wounded.
Grinder hits you.
You writhe in agony.
* * * LOW HITPOINT WARNING * * *
Grinder hits you.
* * * LOW HITPOINT WARNING * * *
Unknown command.
It was a potion of resistance.
You feel protected. Grinder hits you!
You die...

############
..§........#
##########.#
#.# #..# ###.#
... #...# #..#
#@### ###...#
##5# #....#
#..#
##...#######.##
#...##.......#
#
#....÷.#######
####..#####
...)..#
..##..###


You could see Grinder.

Vanquished Creatures
  A hound (D:3)
  Terence (D:3)
  An adder (D:2)
  An ooze (D:1)
  A dart slug (D:1)
  3 leopard geckos
  2 giant cockroaches
  7 goblins
  8 hobgoblins
  A jackal (D:2)
  5 kobolds
  A quokka (D:3)
  5 bats
  4 frilled lizards
  6 rats
47 creatures vanquished.

Notes
Turn   | Place    | Note
-------+----------+-------------------------------------------
     0 | D:1      | Mesmaeker13 the Draconian Conjurer began the quest for the
                  | Orb.
     0 | D:1      | Reached XP level 1. HP: 14/14 MP: 3/3
   176 | D:1      | Found a snail-covered altar of Cheibriados.
   267 | D:1      | Reached XP level 2. HP: 15/20 MP: 1/5
  1056 | D:1      | Reached XP level 3. HP: 26/26 MP: 3/6
  1297 | D:2      | Learned a level 2 spell: Searing Ray
  1936 | D:3      | Noticed Terence
  2035 | D:3      | Learned a level 3 spell: Dazzling Spray
  2130 | D:3      | Killed Terence
  2130 | D:3      | Reached XP level 4. HP: 33/33 MP: 3/8
  2194 | D:3      | Found a burning altar of Makhleb.
  2319 | D:3      | Noticed Grinder
  2353 | D:3      | Paralysed by Grinder for 4 turns
  2359 | D:3      | Gained mutation: Your large and strong wings let you fly
                  | indefinitely. [potion of mutation]
  2359 | D:3      | Gained mutation: Your system is resistant to poisons.
                  | (rPois) [potion of mutation]
  2359 | D:3      | Gained mutation: You are weak. (Str -2) [potion of
                  | mutation]
  2359 | D:3      | Gained mutation: Your spells are a little harder to cast,
                  | but a little more powerful. [potion of mutation]
  2363 | D:3      | Slain by Grinder

Levels and vault maps discovered:
D:1:      dpeg_arrival_rooms_c, layout_basic, interstate_on_off,
          cheibriados_altar_1
D:2:      layout_rooms, kennysheep_generic_room_14
D:3:      layout_rooms, makhleb_heckhound_becter, first_ration,
          grunt_ministairs_1, minivault_5, uniq_terence, uniq_grinder

Skill      XL: |  1  2  3  4 |
---------------+-------------+-----
Dodging        | 2 3 |  3.0
Spellcasting   | 3 |  3.1
Stealth        | |  1.7
Conjurations   | |  4.8

Action                   |  1- 3 |  4- 6 || total
-------------------------+-------+-------++-------
Melee: Hand axe          |    20 |    17 ||    37
       Unarmed           |     6 |       ||     6
       Tailslap          |     1 |     1 ||     2
 Cast: Magic Dart        |    67 |     4 ||    71
       Searing Ray       |     2 |     6 ||     8
  Use: Scroll            |     1 |     2 ||     3
       Potion            |       |     3 ||     3
 Stab: Sleeping          |     1 |       ||     1
  Eat: Chunk             |     4 |     2 ||     6
Armor: Skin              |     6 |     4 ||    10
Dodge: Dodged            |    22 |    15 ||    37
